 Dungeon Crawl Stone Soup version 0.28.0-1-gb440e238dd (webtiles) character file.

Game seed: 1961898617217675729

121 boopmooplesden the Shield-Bearer (level 4, -2/41 HPs)
             Began as a Minotaur Fighter on Feb 26, 2022.
             Was a Believer of Fedhas.
             Slain by a gnoll shaman (6 damage)
             ... on level 5 of the Dungeon.
             The game lasted 00:02:42 (2191 turns).

boopmooplesden the Shield-Bearer (Minotaur Fighter) Turns: 2191, Time: 00:02:43

Health: -2/41      AC:  7    Str: 23    XL:     4   Next: 77%
Magic:  3/3        EV:  9    Int:  5    God:    Fedhas [**....]
Gold:   68         SH:  5    Dex:  9    Spells: 3/3 levels left

rFire   . . .      SeeInvis .   a - +0 long sword (venom)
rCold   . . .      Faith    .   c - +1 buckler
rNeg    . . .      Spirit   .   b - +0 scale mail
rPois   .          Reflect  .   (helmet restricted)
rElec   .          Harm     .   (no cloak)
rCorr   .          Rampage  .   (no gloves)
Will    .....                   (no boots)
Stlth   ..........              (no amulet)
HPRegen 0.13/turn               (no ring)
MPRegen 0.08/turn               (no ring)

@: mighty
A: horns 2, retaliatory headbutt
a: Renounce Religion, Wall of Briars


You were on level 5 of the Dungeon.
You worshipped Fedhas.
Fedhas was pleased with you.
You visited 1 branch of the dungeon, and saw 4 of its levels.

You collected 68 gold pieces.

Inventory:

Hand Weapons
 a - a +0 long sword of venom (weapon)
Armour
 b - a +0 scale mail (worn)
 c - a +1 buckler (worn)
Jewellery
 m - a ring of poison resistance
Scrolls
 k - a scroll of teleportation
Potions
 e - a potion of degeneration {unknown}
 f - a potion of magic {unknown}
 g - 2 potions of berserk rage {unknown}
 o - 3 potions of curing
 r - a potion of cancellation {unknown}


   Skills:
 + Level 4.4 Fighting
 + Level 4.2 Long Blades
 + Level 4.3 Armour
 + Level 0.3 Dodging
 + Level 4.4 Shields


You had 3 spell levels left.
You didn't know any spells.
Your spell library contained the following spells:

 Spells                   Type           Power      Damage    Failure   Level
 Stone Arrow              Conj/Erth      0%         3d7       99%         3
 Animate Armour           Summ/Erth      0%         N/A       100%        4
 Lehudib's Crystal Spear  Conj/Erth      0%         10d2      100%        8


Dungeon Overview and Level Annotations

Branches:
Dungeon (3/15)

Altars:
Fedhas

Shops:
D:3 =

Annotations:
D:5 Sigmund


Innate Abilities, Weirdness & Mutations

You have a pair of horns on your head.
You reflexively headbutt those who attack you in melee.


Message History

You hear a shout!
You closely miss the gnoll.
The gnoll is lightly wounded.
Something hits you. The gnoll hits you with a +0 halberd.
The gnoll completely misses you. You furiously retaliate!
You headbutt the gnoll, but do no damage.
Something hits you.
* * * LOW HITPOINT WARNING * * *
You hit the gnoll.
The gnoll is moderately wounded.
Something hits you.
* * * LOW HITPOINT WARNING * * *
The gnoll closely misses you.
The gnoll hits you from afar with a +0 halberd.
* * * LOW HITPOINT WARNING * * *
You feel much better. You block the gnoll's attack.
You feel very mighty all of a sudden.
The gnoll hits you from afar with a +0 halberd!
* * * LOW HITPOINT WARNING * * *
Something hits you.
* * * LOW HITPOINT WARNING * * *
The gnoll misses you. You furiously retaliate!
You headbutt the gnoll.
Things that are here:
a +0 club; a gnoll corpse You slash the gnoll!
You kill the gnoll!
Fedhas appreciates your contribution to the ecosystem.
You can now encircle yourself with summoned briar patches.
You block something's attack. The gnoll barely misses you.
You barely miss the gnoll.
Something hits you but does no damage. x2
You closely miss the gnoll shaman. Something hits you but does no damage.
You closely miss the gnoll shaman.
The gnoll shaman hits you with a +0 club.
* * * LOW HITPOINT WARNING * * *
You block something's attack.
You slash the gnoll shaman!
The gnoll shaman is poisoned.
The gnoll shaman is heavily wounded.
The gnoll shaman hits you with a +0 club.
You die...
Fedhas appreciates your contribution to the ecosystem.

#.##.. ..
#.##.# .#.#
#.##.##.g...
#
#.##...g...#
#.
#.##g#######
#..#.##.#
#.......#
##.....{####
###...gg@.+
#....####
#....#
###.## #.#
#.# #.# #.#


You could see a gnoll shaman (very poisoned) and a gnoll.

Vanquished Creatures
  Terence (D:2)
  2 gnolls (D:5)
  3 adders
  3 worms (D:2)
  4 ball pythons
  5 endoplasms
  2 giant cockroaches
  6 goblins
  4 hobgoblins
  3 quokkas (D:1)
  A bat (D:1)
  3 frilled lizards
  2 kobolds (D:1)
  2 rats
41 creatures vanquished.

Notes
Turn   | Place    | Note
-------+----------+-------------------------------------------
     0 | D:1      | boopmooplesden the Minotaur Fighter began the quest for the
                  | Orb.
     0 | D:1      | Reached XP level 1. HP: 19/19 MP: 0/0
   302 | D:1      | Reached XP level 2. HP: 27/27 MP: 1/1
   305 | D:1      | Found a faded altar of an unknown god.
   335 | D:1      | Prayed at the altar of an unknown god.
   335 | D:1      | Became a worshipper of Fedhas Madash
   335 | D:1      | Reached * piety under Fedhas
  1148 | D:2      | Reached XP level 3. HP: 33/33 MP: 2/2
  1449 | D:2      | Noticed Terence
  1461 | D:2      | Killed Terence
  1462 | D:2      | Reached XP level 4. HP: 11/40 MP: 3/3
  2150 | D:3      | Found Gutwios's One-of-a-Kind Rings.
  2153 | D:3      | You fall into a shaft and drop 2 floors!
  2153 | D:5      | Entered Level 5 of the Dungeon
  2159 | D:5      | Noticed Sigmund
  2187 | D:5      | Reached ** piety under Fedhas
  2191 | D:5      | Slain by a gnoll shaman

Illustrated notes

Levels and vault maps discovered:
D:1:      co_arrival_random_square_maze, layout_basic,
          hellmonk_ecumenical_altar_inner_sanctum, ebering_dispersal_statue_hall
D:2:      layout_loops_ring, nicolae_elevator_lobby_asterisk, uniq_terence
D:3:      layout_loops_cross, dancing_weapons_uskayaw, nicolae_shop_unique_rings
D:5:      layout_loops_corners, uniq_menkaure, uniq_sigmund,
          uniq_crazy_yiuf_cottage

Skill      XL: |  1  2  3  4 |
---------------+-------------+-----
Fighting       | 4 |  4.4
Armour         | 4 |  4.3
Shields        | 4 |  4.4
Long Blades    | 3 4 |  4.2
Dodging        | |  0.3

Action                   |  1- 3 |  4- 6 || total
-------------------------+-------+-------++-------
Melee: Long sword        |    67 |    27 ||    94
       Headbutt          |    10 |     5 ||    15
  Use: Scroll            |       |     9 ||     9
       Potion            |       |     3 ||     3
Armor: Scale mail        |    28 |    15 ||    43
Dodge: Dodged            |    23 |    23 ||    46
Block: Buckler           |    19 |    15 ||    34
